 Dungeon Crawl Stone Soup version 0.19-a0-1225-gf887c1c (webtiles) character file.

1028 glosham the Covert (level 8, 0/50 HPs)
             Began as a Kobold Abyssal Knight on Aug 25, 2016.
             Was a Priest of Lugonu.
             Slain by a killer bee (3 damage)
             ... on level 7 of the Dungeon.
             The game lasted 00:55:47 (3726 turns).

glosham the Covert (Kobold Abyssal Knight)          Turns: 3726, Time: 00:55:47

Health: 0/50       AC:  9    Str: 13    XL:     8   Next: 47%
Magic:  9/9        EV: 12    Int: 10    God:    Lugonu [***...]
Gold:   266        SH:  7    Dex: 15    Spells: 0 memorised, 7 levels left

rFire  . . .     SeeInvis .     c - +0 blowgun
rCold  . . .     Gourm    .     X - +0 leather armour
rNeg   . . .     Faith    .     Z - +0 shield
rPois  .         Spirit   .     U - +0 helmet
rElec  .         Dismiss  .     Y - +0 cloak
rCorr  .         Reflect  .     V - +1 pair of gloves
MR     .....     Harm     .     (no boots)
Stlth  ++++++....               (no amulet)
                                (no ring)
                                (no ring)

@: lethally poisoned (0 -> -4)
A: thin metallic scales 1, blink, carnivore 3, robust 1
a: Blink, Depart the Abyss, Bend Space, Banish, Renounce Religion


You were on level 7 of the Dungeon.
You worshipped Lugonu.
Lugonu was most pleased with you.
You were very full.

You visited 1 branch of the dungeon, and saw 7 of its levels.
You visited the Abyss 1 time.

You collected 266 gold pieces.

Inventory:

Hand Weapons
 a - a +2 short sword
 b - a +0 dagger of draining
 c - a +0 blowgun (weapon)
 d - a +0 hunting sling
Missiles
 e - 4 curare-tipped needles
 f - 11 poisoned needles (quivered)
 i - 83 arrows
 k - 48 bolts
 n - 168 stones
 t - 13 sling bullets
Armour
 T - a +0 chain mail
 U - a +0 helmet (worn)
 V - a +1 pair of gloves (worn)
 X - a +0 leather armour (worn)
 Y - a +0 cloak (worn)
 Z - a +0 shield (worn)
Jewellery
 Q - an uncursed ring of teleportation
Wands
 g - a wand of lightning (6/15)
 h - a wand of iceblast (5/15)
 y - a wand of slowing (14/48)
Scrolls
 l - a scroll of enchant weapon
 p - 2 scrolls of noise
 r - a scroll of remove curse
Potions
 j - 3 potions of curing
 m - a potion of mutation {!q}
 o - a potion of lignification {unknown}
 q - 2 potions of flight {unknown}
 u - 2 potions of haste
 w - a potion of agility
 x - a potion of brilliance
 z - 3 potions of invisibility
 A - a potion of heal wounds {unknown}
 D - a potion of resistance
Comestibles
 v - a slice of pizza
 C - 3 meat rations


   Skills:
 - Level 3.2 Fighting
 - Level 2.6 Short Blades
 - Level 0.7 Armour
 - Level 2.4 Dodging
 + Level 12.7 Stealth
 - Level 2.0 Invocations


You had 7 spell levels left.
You didn't know any spells.

Dungeon Overview and Level Annotations

Branches:
Dungeon (7/15)             Temple (0/1) D:4

Altars:
Ashenzari
Kikubaaqudgha
Makhleb
Okawaru
Ru
Trog
Yredelemnul

Annotations:
D:6 Edmund, Grinder


Innate Abilities, Weirdness & Mutations

You are small and have problems with some larger weapons.
You are carnivorous and can eat meat at any time.
You are partially covered in thin metallic scales. (AC +2)
You can translocate small distances at will.
You are robust. (+10% HP)


Message History

The killer bee stings you but does no damage.
Firing (i - inventory. (,) - cycle):
f - 15 poisoned needles (quivered)
Press: ? - help, Shift-Dir - straight line, f/p - killer bee
Aim: a killer bee (almost dead, poisoned)
You shoot a poisoned needle.
The poisoned needle hits the killer bee.
The killer bee is heavily wounded.
You feel sick.
You kill the killer bee!
Lugonu accepts your kill. You block the killer bee's attack.
The killer bee misses you. The killer bee closely misses you.
Firing (i - inventory. (,) - cycle):
f - 14 poisoned needles (quivered)
Press: ? - help, Shift-Dir - straight line, f - killer bee
Aim: a killer bee (heavily wounded)
You shoot a poisoned needle.
The poisoned needle barely misses the killer bee.
You feel sick. The killer bee barely misses you.
The killer bee stings you but does no damage.
Firing (i - inventory. (,) - cycle):
f - 13 poisoned needles (quivered)
Press: ? - help, Shift-Dir - straight line, f/p - killer bee
Aim: a killer bee (heavily wounded)
You shoot a poisoned needle.
The poisoned needle hits the killer bee.
The killer bee is poisoned.
The killer bee is heavily wounded.
You block the killer bee's attack.
The killer bee stings you but does no damage.
Firing (i - inventory. (,) - cycle):
f - 12 poisoned needles (quivered)
Press: ? - help, Shift-Dir - straight line, f/p - killer bee
Aim: a killer bee (heavily wounded, poisoned)
You shoot a poisoned needle.
The poisoned needle barely misses the killer bee.
You feel sick. The killer bee stings you.
* * * LOW HITPOINT WARNING * * *
The killer bee misses you. The killer bee completely misses you.
* * * LOW HITPOINT WARNING * * *
You feel sick. The killer bee stings you.
You die...

#.# #.#
#.########.##
#.#.....[...#
#.#.###.###.#
#.#.# #.# #.#
#.#.# #.# #.#
.#####.#.###.#
#.#
.............#
#.#
.#######.###.#
#@# #.# #.#
#y# #.# #.#
#.# #.# #.#
#(#
#.###.###(#
#.......((#
#####.#.### #.
#.


You could see a killer bee.

Vanquished Creatures
  2 sky beasts (D:5)
  An ogre (D:5)
  A centaur (D:5)
  A big kobold (D:7)
  A giant frog (D:6)
  A scorpion (D:7)
  2 killer bees (D:7)
  A howler monkey (D:5)
  A crimson imp (D:5)
  A hound (D:5)
  2 orc wizards (D:5)
  2 worker ants
  A hound zombie (D:5)
  A mummy (D:5)
  10 adders
  An ooze (D:5)
  2 adder skeletons
  A worm (D:5)
  2 giant geckos
  9 orcs
  4 bats
  4 giant cockroaches
  A goblin (D:1)
  4 hobgoblins (D:1)
  8 jackals
  3 quokkas
  6 giant newts
  9 kobolds
  4 orc zombies (D:5)
  A quokka skeleton (D:5)
  3 rats (D:2)
90 creatures vanquished.

Notes
Turn   | Place    | Note
-------+----------+-------------------------------------------
     0 | Abyss:1  | glosham the Kobold Abyssal Knight began the quest for the Orb.
     0 | Abyss:1  | Reached XP level 1. HP: 14/14 MP: 2/2
    30 | Abyss:1  | Found a hide-covered altar of Uskayaw.
    34 | Abyss:1  | Noticed an iron imp
    77 | Abyss:2  | Noticed a large abomination
    96 | Abyss:2  | Noticed a starcursed mass
   120 | Abyss:2  | Noticed a raiju
   121 | D:1      | Escaped the Abyss
   176 | D:1      | Reached skill level 1 in Stealth
   177 | D:1      | Reached * piety under Lugonu
   209 | D:1      | Reached skill level 2 in Stealth
   209 | D:1      | Reached XP level 2. HP: 9/19 MP: 3/3
   248 | D:1      | Gained mutation: You can translocate small distances at will. [potion of mutation]
   248 | D:1      | Gained mutation: You are partially covered in thin metallic scales. (AC +2) [potion of mutation]
   248 | D:1      | Gained mutation: You are robust. (+10% HP) [potion of mutation]
   449 | D:3      | Reached skill level 3 in Stealth
   608 | D:3      | Reached XP level 3. HP: 25/25 MP: 4/4
   627 | D:3      | Reached skill level 4 in Stealth
  1135 | D:2      | Found a burning altar of Makhleb.
  1217 | D:2      | Reached XP level 4. HP: 30/30 MP: 5/5
  1279 | D:2      | Reached skill level 5 in Stealth
  1510 | D:3      | Found a faded altar of an unknown god.
  1569 | D:3      | Reached ** piety under Lugonu
  1569 | D:3      | Reached skill level 6 in Stealth
  1569 | D:3      | Reached XP level 5. HP: 33/35 MP: 6/6
  1863 | D:3      | Found an iron altar of Okawaru.
  1863 | D:3      | Found a sacrificial altar of Ru.
  1864 | D:3      | Found a shattered altar of Ashenzari.
  2196 | D:4      | Found a staircase to the Ecumenical Temple.
  2321 | D:4      | Found an ancient bone altar of Kikubaaqudgha.
  2321 | D:4      | Found a basalt altar of Yredelemnul.
  2513 | D:5      | Entered Level 5 of the Dungeon
  2560 | D:5      | Reached skill level 7 in Stealth
  2594 | D:5      | Reached XP level 6. HP: 27/40 MP: 7/7
  2679 | D:5      | Reached skill level 8 in Stealth
  2736 | D:5      | Found an ancient bone altar of Kikubaaqudgha.
  2765 | D:5      | Reached skill level 9 in Stealth
  2813 | D:5      | Found a bloodstained altar of Trog.
  3175 | D:5      | Reached XP level 7. HP: 42/45 MP: 8/8
  3262 | D:5      | Reached skill level 10 in Stealth
  3352 | D:5      | Reached skill level 11 in Stealth
  3430 | D:6      | Noticed Edmund
  3451 | D:5      | Reached XP level 8. HP: 39/50 MP: 9/9
  3496 | D:6      | Found a bloodstained altar of Trog.
  3496 | D:6      | Noticed Grinder
  3523 | D:6      | Reached *** piety under Lugonu
  3579 | D:7      | Reached skill level 12 in Stealth
  3724 | D:7      | HP: 3/50 [killer bee (3)]
  3726 | D:7      | Slain by a killer bee

Vault maps used:
D:1:      evilmike_arrival_fibonacci_small, minivault_23, minmay_pentomino_u4
D:2:      old_standard_altar
D:3:      gammafunk_temple_overflow_claw, ecumenical_altar_1
D:4:      minitemple
D:5:      kennysheep_mini, basic_altar, first_bread, st_stairs_11,
          minmay_misc_feat_x, minmay_mini_ossuary
D:6:      trog_butcher_becter, uniq_grinder, uniq_edmund
D:7:      marbit_many_paths, serial_shops, nicolae_shop_crystal,
          nicolae_shop_trees, shop, nicolae_shop_statue_plus
Abyss:1:  onia_ninara_dug_in_and_dangerous

Skill      XL: |  1  2  3  4  5  6  7  8 |
---------------+-------------------------+-----
Stealth        | 2 3 4 6 7 9 11 12 | 12.7
Fighting       | |  3.2
Short Blades   | |  2.6
Armour         | |  0.7
Dodging        | |  2.4
Invocations    | |  2.0

Action                   |  1- 3 |  4- 6 |  7- 9 || total
-------------------------+-------+-------+-------++-------
Melee: Short sword       |    80 |   172 |    23 ||   275
       Dagger            |       |    26 |    57 ||    83
 Fire: Blowgun           |       |       |    33 ||    33
Invok: Depart the Abyss  |     1 |       |       ||     1
Evoke: Wand              |       |       |     4 ||     4
  Use: Scroll            |    11 |     9 |       ||    20
       Potion            |     1 |       |       ||     1
 Stab: Sleeping          |     5 |    10 |       ||    15
       Distracted        |       |     1 |       ||     1
  Eat: Chunk             |     9 |     6 |     2 ||    17
Armor: Chain mail        |     7 |       |       ||     7
       Leather armour    |     6 |    48 |    30 ||    84
Dodge: Dodged            |    42 |    69 |    46 ||   157
Block: Shield            |    13 |    64 |    43 ||   120

Table legend:
 A = Turns spent in this place as a percentage of turns spent in the entire game.
 B = Non-inter-level travel turns spent in this place as a percentage of non-inter-level travel turns spent in the entire game.
 C = Inter-level travel turns spent in this place as a percentage of turns spent in this place.
 D = Turns resting spent in this place as a percentage of non-inter-level travel turns spent in this place.
 E = Turns spent auto-exploring this place as a percentage of non-inter-level travel turns spent in this place.
 F = Non-inter-level travel turns spent in this place divided by the number of levels of this place that you've seen.
                   A       B       C       D       E      F
               +-------+-------+-------+-------+-------+----------------------
         Total | 100.0 | 100.0 |   0.4 |   0.2 |   0.1 | 333.6
       Dungeon |  95.9 |  95.9 |   0.4 |   0.2 |   0.1 | 411.3
         Abyss |   4.1 |   4.1 |   0.0 |   0.0 |   0.0 |  61.5
               +-------+-------+-------+-------+-------+----------------------

Table legend:
 A = Kills in this place as a percentage of kills in entire the game.
 B = Kills by you in this place as a percentage of kills by you in the entire game.
 C = Kills by friends in this place as a percentage of kills by friends in the entire game.
 D = Other kills in this place as a percentage of other kills in the entire game.
 E = Experience gained in this place as a percentage of experience gained in the entire game.
 F = Experience gained in this place divided by the number of levels of this place that you have seen.
                   A       B       C       D       E      F
               +-------+-------+-------+-------+-------+----------------------
         Total | 100.0 | 100.0 |  -nan |  -nan | 100.0 | 163.2
       Dungeon | 100.0 | 100.0 |  -nan |  -nan | 100.0 | 209.9
               +-------+-------+-------+-------+-------+----------------------

Vault maps used:
D:1:      evilmike_arrival_fibonacci_small, minivault_23, minmay_pentomino_u4
D:2:      old_standard_altar
D:3:      gammafunk_temple_overflow_claw, ecumenical_altar_1
D:4:      minitemple
D:5:      kennysheep_mini, basic_altar, first_bread, st_stairs_11,
          minmay_misc_feat_x, minmay_mini_ossuary
D:6:      trog_butcher_becter, uniq_grinder, uniq_edmund
D:7:      marbit_many_paths, serial_shops, nicolae_shop_crystal,
          nicolae_shop_trees, shop, nicolae_shop_statue_plus
Abyss:1:  onia_ninara_dug_in_and_dangerous
